AoeStats
← RagnarLothbrok

Arabia

509865461Analyzed
4v4 RM · 4d ago on Sep 28, 2026· 26m 37s· 8 players
Game mode
Random Map
Map size
Large (8 player)
Population
200
Speed
Normal
Resources
Standard
Victory
Conquest
Starting age
Dark Age
Ending age
Imperial Age
RankedLock teamsTeams togetherTeam positionsShared explorationLock speedFull tech treeHidden civsTurbo modeCheats
Victory
Defeat
🇻🇪 Franks · Venezuela
1358
+14
🇳🇴 Armenians · Norway
1280
+18
🇦🇷 Britons · Argentina
1261
+18
🇨🇳 Maya · China
1243
+19
🇨🇳 Japanese · China
1350
-19
🇨🇳 Inca · China
1329
-18
🇨🇳 Byzantines · China
1316
-17
🇹🇼 Mongols · Taiwan
1268
-15
fox0503
8:29 Feudal Age
6:45 Loom
10:58 Fletching
14:41 Double-Bit Axe
22:27 Castle Age
20:20 Horse Collar
21:09 Padded Archer Armor
21:42 Town Watch
22:31 Crossbowman
23:08 Bodkin Arrow
23:44 Bow Saw
24:04 Heavy Plow
chase kong
7:06 Loom
9:42 Feudal Age
10:25 Double-Bit Axe
13:30 Horse Collar
15:31 Fletching
16:38 Padded Archer Armor
23:33 Castle Age
22:07 Gold Mining
24:28 Bodkin Arrow
24:49 Leather Archer Armor
12014665
6:45 Loom
9:33 Feudal Age
10:33 Double-Bit Axe
18:04 Scale Barding Armor
20:09 Forging
24:49 Castle Age
23:39 Horse Collar
24:21 Gold Mining
25:08 Stone Mining
24:51 Light Cavalry
26:37 Chain Barding Armor
26:43 Husbandry
630406632
8:39 Loom
11:03 Feudal Age
11:33 Double-Bit Axe
16:22 Fletching
16:18 Horse Collar
23:58 Castle Age
23:19 Scale Mail Armor
24:20 Elite Skirmisher
24:28 Pikeman
25:09 Squires
25:27 Bow Saw
27:22 Wheelbarrow
Jonsiboi
6:36 Loom
9:40 Feudal Age
12:56 Man-at-Arms
14:34 Double-Bit Axe
14:17 Long Swordsman
15:03 Scale Mail Armor
15:29 Arson
22:07 Horse Collar
25:53 Castle Age
23:56 Gold Mining
27:29 Wheelbarrow
26:42 Town Watch
26:24 Two-Handed Swordsman
Alexis
7:27 Loom
9:48 Feudal Age
10:57 Double-Bit Axe
14:37 Fletching
15:45 Padded Archer Armor
20:11 Town Watch
24:00 Castle Age
23:25 Horse Collar
24:01 Crossbowman
25:16 Bodkin Arrow
RagnarLothbrok
6:44 Loom
8:55 Feudal Age
9:57 Double-Bit Axe
17:20 Forging
17:21 Scale Barding Armor
19:34 Wheelbarrow
22:10 Castle Age
20:43 Forging
20:28 Gold Mining
22:23 Light Cavalry
23:04 Husbandry
24:43 Bow Saw
25:18 Chain Barding Armor
_OMO_
0:27 Loom
9:53 Feudal Age
10:41 Double-Bit Axe
13:00 Fletching
17:18 Padded Archer Armor
22:56 Castle Age
21:37 Scale Mail Armor
21:28 Gold Mining
23:03 Forging
23:00 Crossbowman
23:51 Bow Saw
23:38 Bodkin Arrow
23:05 Eagle Warrior
24:45 Chain Mail Armor
25:48 Squires
26:43 Arson
Connection lost

Rejoining the realm…

Still unreachable

The connection could not be restored.

Session expired

The server has moved on; the page needs a fresh start.